 Dungeon Crawl Stone Soup version 0.28-a0-194-g42b4daccc1 (webtiles) character file.

Game seed: 4362793074562336

81 EnegeticOcto the Magician (level 4, -5/30 HPs)
             Began as a Mummy Wanderer on Aug 18, 2021.
             Slain by Natasha (7 damage)
             ... on level 1 of the Dungeon.
             The game lasted 00:07:29 (3433 turns).

EnegeticOcto the Magician (Mummy Wanderer)          Turns: 3433, Time: 00:07:30

Health: -5/30      AC:  3    Str: 13    XL:     4   Next: 19%
Magic:  3/8        EV: 11    Int: 11    God:
Gold:   76         SH:  0    Dex: 14    Spells: 5/9 levels left

rFire   x . .      SeeInvis .   a - +2 dagger
rCold   + . .      Faith    .   (no shield)
rNeg    + + +      Spirit   .   d - +0 robe
rPois   ∞          Reflect  .   (no helmet)
rElec   .          Harm     .   (no cloak)
rCorr   .          Rampage  .   h - +0 pair of gloves
Will    .....                   (no boots)
Stlth   ++........              (no amulet)
HPRegen 0.10/turn               (no ring)
MPRegen 0.11/turn               (no ring)

@: slowed, very slow
A: cold resistance 1, negative energy resistance 3, torment resistance 2, heat
vulnerability 1, no potions
a: no special abilities


You were on level 1 of the Dungeon.
You visited 1 branch of the dungeon, and saw 2 of its levels.

You collected 76 gold pieces.

Inventory:

Hand Weapons
 a - a +2 dagger (weapon)
 i - a +0 spear
   (You found it on level 1 of the Dungeon)
Armour
 d - a +0 robe (worn)
 e - a +0 chain mail
   (You found it on level 1 of the Dungeon)
 h - a +0 pair of gloves (worn)
   (You found it on level 1 of the Dungeon)
Scrolls
 f - a scroll of summoning {unknown}
 g - a scroll of amnesia


   Skills:
 - Level 1.5 Staves
 - Level 2.8 Stealth
 + Level 3.1 Spellcasting
 + Level 2.0 Conjurations
 - Level 2.4 Air Magic
 - Level 1.0 Evocations


You had 5 spell levels left.
You knew the following spells:

 Your Spells              Type           Power      Damage    Failure   Level
b - Foxfire               Conj/Fire      16%        2x1d4     17%         1
d - Dazzling Flash        Conj/Hex       8%         N/A       45%         3

Your spell library contained the following spells:

 Spells                   Type           Power      Damage    Failure   Level


Dungeon Overview and Level Annotations

Branches:
Dungeon (2/15)

Altars:
Xom

Annotations:
D:1 Natasha
D:2 Terence


Innate Abilities, Weirdness & Mutations

You are immune to poison.
Your flesh is cold resistant. (rC+)
You are immune to negative energy. (rN+++)
You are immune to unholy pain and torment.
You are vulnerable to heat. (rF-)
You do not drink.


Message History

The jackal bites you but does no damage.
Things that are here:
a +0 club; a goblin skeleton The jackal barely misses you.
The jackal bites you.
You see here a purple potion.
The jackal closely misses you.
There is a stone staircase leading up here.
The jackal bites you but does no damage.
You climb upwards.
There is a stone staircase leading down here.
Casting: Foxfire (safe; 17% risk of failure)
Confirm with . or Enter, or press ? or * to list all spells.
You conjure some foxfire!
The jackal bites you. The jackal closely misses you.
You hit the jackal.
The jackal is moderately wounded.
The foxfire hits the jackal.
The jackal is almost dead.
The foxfire hits the jackal.
You kill the jackal!
You start resting.
Magic restored.
HP restored.
You climb downwards.
Level annotation: Natasha, Terence The frilled lizard misses you.
There is a stone staircase leading up here.
Casting: Foxfire (safe; 17% risk of failure)
Confirm with . or Enter, or press ? or * to list all spells.
You conjure some foxfire!
The frilled lizard bites you.
The foxfire hits the frilled lizard.
You kill the frilled lizard!
You start resting.
Your foxfire dissipates!
You start resting.
Magic restored.
HP restored.
You see here a purple potion.
You see here a purple potion.
You start waiting.
Done waiting.
Casting: Foxfire (safe; 17% risk of failure)
Confirm with . or Enter, or press ? or * to list all spells.
You conjure some foxfire!
Natasha hisses angrily.
Your foxfire dissipates!
The foxfire hits Natasha.
Natasha is lightly wounded.
Natasha stares at you and mumbles some strange words.
You feel yourself slow down.
You see here a purple potion.
There is a stone staircase leading up here.
Casting: Foxfire (safe; 17% risk of failure)
Confirm with . or Enter, or press ? or * to list all spells.
You conjure some foxfire!
The foxfire hits Natasha.
Natasha is moderately wounded.
Casting: Foxfire (safe; 17% risk of failure)
Confirm with . or Enter, or press ? or * to list all spells.
You conjure some foxfire!
The foxfire hits Natasha but does no damage.
Natasha is moderately wounded.
Natasha casts a spell.
Natasha barely misses you.
Casting: Foxfire (safe; 17% risk of failure)
Confirm with . or Enter, or press ? or * to list all spells.
You conjure some foxfire!
The foxfire hits Natasha.
Natasha is moderately wounded.
Natasha claws you.
Casting: Foxfire (safe; 17% risk of failure)
Confirm with . or Enter, or press ? or * to list all spells.
You conjure some foxfire!
The foxfire hits Natasha but does no damage.
Natasha is moderately wounded.
The foxfire hits Natasha.
Natasha is heavily wounded.
The foxfire hits the shadow imp but does no damage.
Natasha stares at you and mumbles some strange words.
You feel as though you will be slow longer.
Natasha stares at you and mumbles some strange words.
You feel as though you will be slow longer.
Natasha claws you. The shadow imp hits you.
You climb upwards.
The shadow imp disappears in a puff of smoke!
There is a stone staircase leading down here.
Casting: Foxfire (safe; 17% risk of failure)
Confirm with . or Enter, or press ? or * to list all spells.
You conjure some foxfire!
Natasha claws you. Natasha claws you!
You hit Natasha.
Natasha is heavily wounded.
The foxfire hits Natasha.
Natasha is severely wounded.
The foxfire hits Natasha.
Natasha is severely wounded.
Natasha stares at you and mumbles some strange words.
The magic dart hits you!
* * * LOW HITPOINT WARNING * * *
Casting: Foxfire (safe; 17% risk of failure)
Confirm with . or Enter, or press ? or * to list all spells.
You conjure some foxfire!
Natasha closely misses you. Natasha claws you!
You die...

#.#.#.#####.#.#
#.#.#.##.##.#.#
#.#......##.#.#
####.#.#.....#.#.#
..##.#....#.##.#.#
#..#.#......##.#.#
##.#.#.#######...#
.....###########v#
...............h@#
###.####.#######v#
#.## #.# #.# #..#
#.# #.# ##.###.#
#.#
#..##.#######.###
##.##.##........#
#..#.##.########
##.#.##.#


You could see Natasha (ally target).

Vanquished Creatures
  Natasha (D:2)
  An adder (D:2)
  2 dart slugs
  2 endoplasms (D:1)
  A giant cockroach (D:2)
  5 hobgoblins
  5 jackals (D:1)
  2 kobolds
  A quokka (D:1)
  3 ball pythons
  8 bats
  4 frilled lizards
  3 goblins
  6 rats
44 creatures vanquished.

Vanquished Creatures (collateral kills)
  A foxfire (D:1)
1 creature vanquished.

Vanquished Creatures (others)
  129 foxfires
129 creatures vanquished.

Grand Total: 174 creatures vanquished

Notes
Turn   | Place    | Note
-------+----------+-------------------------------------------
     0 | D:1      | EnegeticOcto the Mummy Wanderer began the quest for the
                  | Orb.
     0 | D:1      | EnegeticOcto set off with the following items: a +2 dagger,
                  | a scroll of fear {!r}, a scroll of teleportation {@r3 !r},
                  | a +0 robe; and the following spell memorised: Foxfire; and
                  | the following spells available to memorise: Dazzling Flash
     0 | D:1      | Reached XP level 1. HP: 13/13 MP: 4/4
   433 | D:1      | Reached skill level 1 in Conjurations
   557 | D:1      | Reached XP level 2. HP: 19/19 MP: 3/5
  1251 | D:1      | Reached skill level 2 in Conjurations
  1432 | D:1      | Reached skill level 3 in Spellcasting
  1532 | D:1      | Reached XP level 3. HP: 20/24 MP: 3/7
  1697 | D:2      | Found a shimmering altar of Xom.
  1699 | D:2      | Noticed Natasha
  2049 | D:2      | Noticed Terence
  2120 | D:2      | Killed Natasha
  2121 | D:2      | Reached skill level 2 in Stealth
  2365 | D:2      | Reached XP level 4. HP: 21/30 MP: 2/8
  2556 | D:1      | Learned a level 3 spell: Dazzling Flash
  3024 | D:2      | Noticed Natasha
  3433 | D:1      | Slain by Natasha

Illustrated notes

Levels and vault maps discovered:
D:1:      eino_arrival_cavern_c, layout_basic
D:2:      layout_basic, basic_altar, amcnicky_mini_pool_small, uniq_natasha,
          uniq_terence, uniq_robin

Skill      XL: |  1  2  3 |
---------------+----------+-----
Conjurations   | 1 2 |  2.0
Spellcasting   | 3 |  3.1
Stealth        | 2 |  2.8
Staves         | |  1.5
Air Magic      | |  2.4
Evocations     | |  1.0

Action                   |  1- 3 |  4- 6 || total
-------------------------+-------+-------++-------
Melee: Dagger            |    33 |     5 ||    38
 Cast: Foxfire           |    57 |    28 ||    85
  Use: Scroll            |       |     3 ||     3
 Stab: Sleeping          |       |     1 ||     1
Armor: Robe              |    13 |     7 ||    20
Dodge: Dodged            |    30 |    33 ||    63

Table legend: (Time is in decaauts)
 A = Elapsed time spent in this place.
 B = Non-inter-level travel time spent in this place.
 C = Inter-level travel time spent in this place.
 D = Time resting spent in this place.
 E = Time spent auto-exploring this place.
 F = Levels seen in this place.
 G = Mean time per level.
                   A        B        C        D        E       F      G
               +--------+--------+--------+--------+--------+-----+--------+
         Total |   3444 |   3278 |    166 |   1667 |    805 |   2 | 1722.0 |
       Dungeon |   3444 |   3278 |    166 |   1667 |    805 |   2 | 1722.0 |
               +--------+--------+--------+--------+--------+-----+--------+

Top non-repeatable levels by time:
     D:1: 2465 daAuts
     D:2: 978 daAuts
